 Dungeon Crawl Stone Soup version 0.23.2-40-g277498a001 (webtiles) character file.

Game seed: 1225530110030274118

104 DildoBatman the Conjurer (level 5, -3/35 HPs)
             Began as a Formicid Wizard on Sept 17, 2019.
             Slain by an orc
             ... wielding a +0 morningstar
              (12 damage)
             ... on level 3 of the Dungeon.
             The game lasted 00:05:39 (2760 turns).

DildoBatman the Conjurer (Formicid Wizard)          Turns: 2760, Time: 00:05:39

Health: -3/35      AC:  3    Str: 12    XL:     5   Next: 7%
Magic:  9/9        EV: 12    Int: 21    God:
Gold:   126        SH:  0    Dex:  9    Spells: 3/10 levels left

rFire    . . .     SeeInvis +   b - +0 hunting sling
rCold    . . .     Gourm    .   (no shield)
rNeg     . . .     Faith    .   m - +0 robe
rPois    .         Spirit   .   (helmet unavailable)
rElec    .         Reflect  .   (no cloak)
rCorr    .         Harm     .   d - +0 pair of gloves
MR       .....                  (no boots)
Stlth    ++........             (no amulet)
HPRegen  0.11/turn              e - +3 ring of intelligence
MPRegen  0.11/turn              (no ring)

@: no status effects
A: permanent stasis, dig shafts and tunnels, four strong arms, antennae 3
a: Dig, Shaft Self


You were on level 3 of the Dungeon.
You were not hungry.

You visited 1 branch of the dungeon, and saw 3 of its levels.

You collected 126 gold pieces.

Inventory:

Hand Weapons
 a - a +0 dagger of pain
 b - a +0 hunting sling (weapon)
 k - a +0 spear
Missiles
 f - 10 poisoned needles
 g - 6 silver javelins
 i - 10 bolts
 n - 17 sling bullets
 p - 102 stones (quivered)
 t - 17 arrows
Armour
 d - a +0 pair of gloves (worn)
 m - a +0 robe (worn)
Jewellery
 e - a +3 ring of intelligence (left hand)
Scrolls
 c - a scroll of remove curse {unknown}
 h - 2 scrolls of magic mapping {unknown}
 j - a scroll of fear {unknown}
 o - 4 scrolls of identify {unknown}
 q - 2 scrolls of enchant armour {unknown}
 u - a scroll of fog {unknown}
 w - a scroll of amnesia {unknown}
Potions
 l - a potion of curing {unknown}
 r - a potion of lignification {unknown}
 s - a potion of mutation {unknown}
 x - a potion of heal wounds {unknown}
 z - a potion of flight {unknown}
 B - a potion of experience {unknown}
Comestibles
 v - 7 rations


   Skills:
 - Level 1.7 Dodging
 - Level 2.4 Stealth
 - Level 3.2 Spellcasting
 * Level 4.0 Conjurations
   Level 1.0 Summonings
   Level 0.8 Translocations


You had 3 spell levels left.
You knew the following spells:

 Your Spells              Type           Power        Failure   Level  Hunger
a - Conjure Flame         Conj/Fire      ##......     17%         3    ###....
c - Magic Dart            Conj           ###.         2%          1    None
e - Mephitic Cloud        Conj/Pois/Air  #.......     22%         3    ###....

Your spell library contained the following spells:

 Spells                   Type           Power        Failure   Level  Hunger
 Call Imp                 Summ           #.......     13%         2    ##.....
 Slow                     Hex            #.......     21%         2    ##.....
 Blink                    Tloc           Unusable     N/A         2    N/A

Dungeon Overview and Level Annotations

Branches:
Dungeon (3/15)

Altars:
Dithmenos
Sif Muna
Vehumet
Wu Jian
Zin

Annotations:
D:1 exclusion: crimson imp
D:3 1 exclusion


Innate Abilities, Weirdness & Mutations

You cannot be hasted, slowed, berserked, paralysed or teleported.
You can dig through walls and to a lower floor.
Your four strong arms can wield two-handed weapons with a shield.
You have a pair of large antennae on your head. (SInv)


Message History

Orders for allies: a - Attack new target. r - Retreat! s - Stop attacking. g - Guard the area. f - Follow me.
Anything else - Cancel.
You shout for attention!
The orc hits you with a +0 falchion. The orc hits you with a +0 morningstar!
The orc wizard casts a spell.
The orc wizard blinks!
The orc priest hits you with a +0 hand axe.
What are your orders? t - Shout!
Orders for allies: a - Attack new target. r - Retreat! s - Stop attacking. g - Guard the area. f - Follow me.
Anything else - Cancel.
You shout for attention!
The orc hits you but does no damage. The orc hits you with a +0 morningstar!
You die...

#################
.................# #
..#...#...#o.o#..#
.........)....oo@._# #o
.#...#...#..o#..#
.{{..............ยง.##############
# ######.##########...##.......
#####........##..........#)<.....
...o.........#...................
#####........#...................
#........#..............#####
#####...###.............<#...


You could see an orc priest, an orc wizard and 3 orcs.

Vanquished Creatures
  2 adders (D:2)
  An ooze (D:2)
  A worm (D:3)
  2 leopard geckos
  5 orcs (D:3)
  3 giant cockroaches
  9 hobgoblins
  7 jackals
  5 kobolds
  A quokka (D:2)
  A ball python (D:3)
  5 bats
  6 frilled lizards
  7 goblins
  16 rats
71 creatures vanquished.

Notes
Turn   | Place    | Note
-------+----------+-------------------------------------------
     0 | D:1      | DildoBatman the Formicid Wizard began the quest for the
                  | Orb.
     0 | D:1      | Reached XP level 1. HP: 13/13 MP: 4/4
    25 | D:1      | Reached skill level 1 in Conjurations
   166 | D:1      | Reached XP level 2. HP: 14/19 MP: 0/6
   297 | D:1      | Reached skill level 2 in Conjurations
   559 | D:1      | Reached XP level 3. HP: 24/24 MP: 2/7
   564 | D:1      | Learned a level 3 spell: Conjure Flame
   568 | D:1      | Learned a level 3 spell: Mephitic Cloud
  1083 | D:2      | Reached skill level 3 in Conjurations
  1162 | D:2      | Reached XP level 4. HP: 30/30 MP: 4/8
  1458 | D:2      | Found a radiant altar of Vehumet.
  1838 | D:3      | Found a shadowy altar of Dithmenos.
  2029 | D:3      | Found an ornate altar of the Wu Jian Council.
  2184 | D:3      | Found a deep blue altar of Sif Muna.
  2288 | D:3      | Reached skill level 4 in Conjurations
  2288 | D:3      | Reached XP level 5. HP: 35/35 MP: 5/9
  2743 | D:3      | Found a glowing silver altar of Zin.
  2760 | D:3      | Slain by an orc

Skill      XL: |  1  2  3  4 |
---------------+-------------+-----
Conjurations   | 1 2 3 4 |  4.0
Dodging        | |  1.7
Stealth        | |  2.4
Spellcasting   | |  3.2
Summonings     | |  1.0
Translocations | |  0.8

Action                   |  1- 3 |  4- 6 || total
-------------------------+-------+-------++-------
Melee: Unarmed           |     7 |       ||     7
       Club              |    14 |     6 ||    20
 Fire: Hunting sling     |       |    16 ||    16
 Cast: Magic Dart        |    63 |    79 ||   142
       Mephitic Cloud    |       |     2 ||     2
 Abil: Dig               |       |     2 ||     2
  Eat: Chunk             |     1 |     5 ||     6
Armor: Robe              |     4 |     7 ||    11
Dodge: Dodged            |    23 |    28 ||    51
